 Dungeon Crawl Stone Soup version 0.20.0-10-g0535bb4 (webtiles) character file.

113 Gorglomux the Shooter (level 4, -2/38 HPs)
             Began as a Centaur Arcane Marksman on June 7, 2017.
             Slain by a hound (6 damage)
             ... on level 2 of the Dungeon.
             The game lasted 00:09:53 (2530 turns).

Gorglomux the Shooter (Centaur Arcane Marksman)     Turns: 2530, Time: 00:09:54

Health: -2/38      AC:  4    Str:  9 (12) XL:     4   Next: 65%
Magic:  4/5        EV:  9    Int:  7 (8)  God:
Gold:   122        SH:  0    Dex: 10 (11) Spells: 4/5 levels left

rFire    . . .     SeeInvis .   a - +0 shortbow
rCold    . . .     Gourm    .   (shield currently unavailable)
rNeg     . . .     Faith    .   e - +0 robe
rPois    .         Spirit   .   (no helmet)
rElec    .         Reflect  .   (no cloak)
rCorr    .         Harm     .   (no gloves)
MR       .....                  (no barding)
Stlth    +.........             F - amulet of rage
Regen    0.2/turn               E - -4 ring of intelligence (curse)
MPRegen  0.1/turn               (no ring)

@: very slightly contaminated, very quick
A: hooves 3, deformed body, speed 2, tough skin 3
a: Evoke Berserk Rage


You were on level 2 of the Dungeon.
You were not hungry.

You visited 1 branch of the dungeon, and saw 3 of its levels.

You collected 122 gold pieces.

Inventory:

Hand Weapons
 a - a +0 shortbow (weapon)
 b - a +0 hunting sling
Missiles
 d - 71 arrows (quivered)
 l - 55 stones
 A - 33 sling bullets
Armour
 e - a +0 robe (worn)
Jewellery
 E - a cursed -4 ring of intelligence (left hand)
 F - an amulet of rage (around neck)
Scrolls
 i - a scroll of teleportation {unknown}
 j - a scroll of enchant weapon {unknown}
 k - a scroll of random uselessness {unknown}
 B - 3 scrolls of identify {unknown}
 C - 2 scrolls of immolation {unknown}
 D - a scroll of enchant armour {unknown}
 K - a scroll of amnesia {unknown}
 L - a scroll of recharging {unknown}
Potions
 h - a potion of degeneration
Books
 c - a book of Debilitation

   Spells                             Type                      Level
   a - Corona                         Hexes                        1
   b - Slow                           Hexes                        2
   c - Inner Flame                    Hexes/Fire                   3
   d - Portal Projectile              Hexes/Translocation          3
   e - Cause Fear                     Hexes                        4
   f - Leda's Liquefaction            Hexes/Earth                  4
Comestibles
 f - 2 bread rations
 z - 5 meat rations
 I - 4 fruits
 M - a chunk of flesh


   Skills:
 + Level 3.2 Fighting
 + Level 5.0 Bows
 - Level 1.3 Dodging
 - Level 1.0 Spellcasting
 - Level 2.6 Hexes


You had 4 spell levels left.
You knew the following spells:

 Your Spells              Type           Power        Failure   Level  Hunger
a - Corona                Hex            #......      14%         1    ##.....


Dungeon Overview and Level Annotations

Branches:
Dungeon (3/15)

Altars:


Innate Abilities, Weirdness & Mutations

You have hooves in place of feet.
Armour fits poorly on your strangely shaped body.
You cover ground very quickly.
You have extremely tough skin. (AC +3)


Message History

Press: ? - help, Shift-Dir - straight line, f/p - hound
Aim: a hound (moderately wounded)
You shoot an arrow. The arrow barely misses the hound.
The hound bites you.
* * * LOW HITPOINT WARNING * * *
The hound bites you.
* * * LOW HITPOINT WARNING * * *
Firing (i - inventory. (,) - cycle):
d - 73 arrows (quivered)
Press: ? - help, Shift-Dir - straight line, f/p - hound
Aim: a hound (moderately wounded)
You shoot an arrow. The arrow hits the hound!
The hound is almost dead.
The hound bites you.
* * * LOW HITPOINT WARNING * * *
Firing (i - inventory. (,) - cycle):
d - 72 arrows (quivered)
Press: ? - help, Shift-Dir - straight line, f/p - hound
Aim: a hound (almost dead)
You shoot an arrow. The arrow hits the hound.
The hound is almost dead.
The hound closely misses you. The hound bites you.
You die...

# #### ...## ....#
..).##############
###.##...........##
###.##.########...##############
.............[.................#
............###.@.#.##########.##
##.#######.## ##h#.#.## #... #.#
####.#####..###.## #### #.#
#..........## ##.#
#.####.##.#####..###.##
#......##.# #.#.#.##
#.#######.#####.##.## #.####
#.#....(...# #.##.##
#.#........######


You could see a hound.

Vanquished Creatures
  A howler monkey zombie (D:3)
  4 adders
  A worm (D:3)
  2 dart slugs (D:1)
  3 leopard geckos
  An orc (D:3)
  A ball python (D:2)
  2 giant cockroaches
  3 goblins
  9 hobgoblins
  8 jackals (D:1)
  5 bats
  3 frilled lizards
  5 kobolds
  6 rats
54 creatures vanquished.

Notes
Turn   | Place    | Note
-------+----------+-------------------------------------------
     0 | D:1      | Gorglomux the Centaur Arcane Marksman began the quest for the Orb.
     0 | D:1      | Reached XP level 1. HP: 16/16 MP: 2/2
   176 | D:1      | Reached skill level 3 in Bows
   312 | D:1      | Reached XP level 2. HP: 22/23 MP: 3/3
   969 | D:1      | Reached XP level 3. HP: 23/29 MP: 2/4
  1269 | D:1      | Reached skill level 4 in Bows
  1552 | D:2      | Reached XP level 4. HP: 35/37 MP: 3/5
  2184 | D:3      | Reached skill level 3 in Fighting
  2398 | D:3      | HP: 2/57 [adder (3)]
  2399 | D:3      | Reached skill level 5 in Bows
  2403 | D:3      | HP: 1/38 [poisoned by an adder]
  2530 | D:2      | Slain by a hound

Skill      XL: |  1  2  3  4 |
---------------+-------------+-----
Bows           | 3 4 5 |  5.0
Fighting       | 2 3 |  3.2
Dodging        | |  1.3
Spellcasting   | |  1.0
Hexes          | |  2.6

Action                   |  1- 3 |  4- 6 || total
-------------------------+-------+-------++-------
Melee: Unarmed           |    26 |     2 ||    28
       Kick              |    11 |     1 ||    12
 Fire: Shortbow          |    18 |    17 ||    35
       Hunting sling     |    94 |    73 ||   167
 Cast: Corona            |    22 |    11 ||    33
  Use: Potion            |       |     3 ||     3
  Eat: Chunk             |     1 |     4 ||     5
Armor: Robe              |    29 |    21 ||    50
Dodge: Dodged            |    34 |    31 ||    65
